AoeStats
← Fenrir

Lombardia

510233003Analyzed
4v4 RM · 3d ago on Sep 30, 2026· 43m 14s· 8 players
Game mode
Random Map
Map size
Large (8 player)
Population
200
Speed
Normal
Resources
Standard
Victory
Conquest
Starting age
Dark Age
Ending age
Imperial Age
RankedLock teamsTeams togetherTeam positionsShared explorationLock speedFull tech treeHidden civsTurbo modeCheats
Victory
Defeat
🇮🇳 Hindustanis · India
1937
+10
🇺🇸 Goths · United States
1810
+15
🇺🇸 Huns · United States
1807
+15
🇮🇳 Teutons · India
1716
+18
🇲🇽 Wu · Mexico
1879
-18
🇦🇷 Inca · Argentina
1823
-16
🇦🇷 Maya · Argentina
1727
-12
🇦🇷 Chinese · Argentina
1725
-12
VENON | OIGRES
6:12 Loom
8:58 Feudal Age
10:08 Double-Bit Axe
13:34 Scale Barding Armor
13:49 Horse Collar
15:30 Forging
20:47 Castle Age
21:41 Bow Saw
21:31 Heavy Plow
23:20 Chain Barding Armor
24:05 Wheelbarrow
23:58 Husbandry
24:14 Bloodlines
28:33 Iron Casting
32:00 Hand Cart
35:20 Squires
35:21 Scale Mail Armor
38:11 Imperial Age
36:35 Chain Mail Armor
39:30 Plate Mail Armor
39:29 Pikeman
42:12 Blast Furnace
40:34 Halberdier
40:41 Halberdier
Hellsum
10:30 Feudal Age
10:35 Loom
15:05 Castle Age
13:15 Double-Bit Axe
13:20 Horse Collar
13:12 Champi Runner
14:59 Gold Mining
15:43 Champi Warrior
17:17 Scale Mail Armor
21:14 Chain Mail Armor
22:04 Squires
23:32 Forging
24:35 Arson
27:33 Wheelbarrow
27:27 Bow Saw
28:25 Heavy Plow
29:40 Iron Casting
31:20 Gold Shaft Mining
33:37 Stone Mining
34:59 Hand Cart
37:56 Imperial Age
36:07 Stone Shaft Mining
35:37 Town Watch
39:01 Conscription
39:26 Plate Mail Armor
39:31 Crop Rotation
39:00 Elite Kamayuk
41:33 Blast Furnace
41:22 Fletching
41:40 Fabric Shields
42:21 Ballistics
42:47 Bodkin Arrow
43:55 Chemistry
43:06 Masonry
[Gaucho]Batata
0:30 Loom
9:11 Feudal Age
10:00 Double-Bit Axe
13:34 Fletching
15:16 Padded Archer Armor
21:12 Castle Age
19:47 Gold Mining
21:49 Bodkin Arrow
21:20 Crossbowman
24:28 Ballistics
25:06 Wheelbarrow
28:13 Wheelbarrow
30:20 Bow Saw
29:55 Horse Collar
31:51 Hand Cart
36:23 Caravan
36:50 Stone Mining
41:03 Imperial Age
42:32 Imperial Age
[Gaucho] Santi
0:30 Loom
8:47 Feudal Age
9:25 Double-Bit Axe
9:42 Horse Collar
22:13 Castle Age
21:00 Bloodlines
20:49 Gold Mining
21:54 Scale Barding Armor
22:01 Forging
23:17 Wheelbarrow
23:05 Bow Saw
23:05 Husbandry
23:28 Chain Barding Armor
27:12 Iron Casting
29:52 Hand Cart
38:15 Imperial Age
38:38 Cavalier
40:10 Plate Barding Armor
40:25 Light Cavalry
BSL | n0_chanc3
6:08 Loom
8:12 Feudal Age
9:09 Double-Bit Axe
10:38 Horse Collar
14:31 Scale Barding Armor
26:39 Fletching
33:50 Castle Age
36:12 Wheelbarrow
36:48 Bow Saw
36:39 Heavy Plow
41:14 Hand Cart
41:26 Town Watch
Valar
11:05 Feudal Age
12:33 Double-Bit Axe
13:21 Horse Collar
16:18 Castle Age
15:28 Bloodlines
16:06 Scale Barding Armor
16:27 Loom
17:35 Bow Saw
23:43 Chain Barding Armor
24:16 Gold Mining
27:28 Wheelbarrow
28:09 Forging
29:23 Hand Cart
35:37 Imperial Age
34:50 Iron Casting
36:02 Stone Mining
36:06 Cavalier
37:25 Plate Barding Armor
36:32 Cavalier
38:32 Blast Furnace
37:58 Paladin
39:55 Two-Man Saw
38:56 Heavy Plow
40:20 Conscription
42:21 Coinage
Fenrir
10:29 Feudal Age
14:05 Castle Age
12:18 Double-Bit Axe
12:43 Horse Collar
14:15 Loom
15:00 Bow Saw
16:58 Heavy Plow
21:11 Gold Mining
22:50 Wheelbarrow
22:55 Stone Mining
23:26 Town Watch
24:27 Hand Cart
28:38 Imperial Age
26:17 Scale Mail Armor
27:24 Anarchy
27:39 Squires
27:54 Chain Mail Armor
28:18 Forging
30:10 Iron Casting
29:39 Man-at-Arms
29:48 Elite Huskarl
32:10 Blast Furnace
32:19 Pikeman
33:31 Conscription
33:34 Halberdier
38:06 Crop Rotation
40:21 Caravan
40:51 Coinage
40:31 Treadmill Crane
41:52 Chemistry
42:04 Perfusion
43:26 Two-Man Saw
42:58 Banking
E@GLE
6:06 Loom
8:34 Feudal Age
9:18 Double-Bit Axe
10:03 Horse Collar
15:36 Fletching
16:50 Padded Archer Armor
20:03 Wheelbarrow
22:47 Castle Age
21:58 Bloodlines
23:21 Crossbowman
23:57 Bodkin Arrow
24:19 Bow Saw
25:20 Husbandry
25:58 Ballistics
28:15 Hand Cart
30:53 Thumb Ring
32:57 Leather Archer Armor
35:54 Heavy Plow
36:43 Gold Mining
39:33 Imperial Age
38:30 Gold Shaft Mining
37:45 Stone Mining
38:07 Town Watch
40:18 Bracer
41:20 Chemistry
39:58 Heavy Cavalry Archer
41:04 Parthian Tactics
42:30 Conscription
42:39 Capped Ram
Connection lost

Rejoining the realm…

Still unreachable

The connection could not be restored.

Session expired

The server has moved on; the page needs a fresh start.